 Dungeon Crawl Stone Soup version 0.29-a0-490-g77b3608bb8 (webtiles) character file.

Game seed: 16146196548257132391

46358 freelancePsychic the Marksdraconian (level 14, -3/146 HPs)
             Began as a Red Draconian Hunter on May 26, 2022.
             Was a High Priest of Ashenzari.
             Slain by a cane toad (11 damage)
             ... on level 6 of the Lair of Beasts.
             The game lasted 00:41:40 (15968 turns).

freelancePsychic the Marksdraconian (DrHu)         Turns: 15968, Time: 00:41:41

Health: -3/146     AC:  9    Str: 19    XL:     14   Next: 4%
Magic:  15/15      EV: 19    Int:  9    God:    Ashenzari [*****.]
Gold:   1124       SH:  0    Dex: 19    Spells: 14/14 levels left

rFire   + . .      SeeInvis +   a - +5 shortbow of the Gnostic Repose {flame, rN+ Will+ Str+4, Self, Fort} (curse)
rCold   + . .      Faith    .   (shield currently unavailable)
rNeg    + . .      Spirit   .   (body armour unavailable)
rPois   +          Reflect  .   E - +2 hat "Vexation of the Cosmos" {Self, Cun} (curse)
rElec   .          Harm     .   U - +2 cloak {rPois}
rCorr   .          Rampage  .   L - +0 pair of gloves of Apeoromancy {Range, Elem} (curse)
Will    ++...      Clarity  +   x - +2 pair of boots "Ennui of Ashenzari" {Cun, Self} (curse)
Stlth   +++.......              y - amulet "Manifest Gnosis" {Regen+, Evo, Self} (curse)
HPRegen 1.14/turn               B - ring "Shackled Entitlement" {rC+, Elem, Melee} (curse)
MPRegen 0.14/turn               D - ring of Ashenzari's Sun {rPois, Range, Bglg} (curse)

@: about to teleport, corroded, very slow
A: breathe fire, AC +8, unfitting armour, fire resistance 1, cold-blooded
a: Breathe Fire, Renounce Religion, Shatter the Chains


You were on level 6 of the Lair of Beasts.
You worshipped Ashenzari.
Ashenzari was extremely pleased with you.
You visited 2 branches of the dungeon, and saw 18 of its levels.
You also visited: Bailey and Gauntlet.

You collected 1501 gold pieces.
You spent 377 gold pieces at shops.

Inventory:

Hand Weapons
 a - the cursed +5 shortbow of the Gnostic Repose (weapon) {flame, rN+ Will+ Str+4, Self, Fort}
   (You acquired it on level 3 of the Dungeon)

   Any ammunition fired from it burns those it strikes, dealing additional fire
   damage.
   Str:       It affects your strength (+4).
   rN:        It protects you from negative energy.
   Will:      It increases your willpower.
   It has a curse which improves the following skills: Introspection: Fighting
   and Spellcasting.
   Fortitude: Shields.
Missiles
 q - 6 throwing nets
 w - 22 javelins
Armour
 x - the cursed +2 pair of boots "Ennui of Ashenzari" (worn) {Cun, Self}
   (You found it on level 7 of the Dungeon)

   It has a curse which improves the following skills: Cunning: Dodging and
   Stealth.
   Introspection: Fighting and Spellcasting.
 E - the cursed +2 hat "Vexation of the Cosmos" (worn) {Self, Cun}
   (You found it on level 10 of the Dungeon)

   It has a curse which improves the following skills: Introspection: Fighting
   and Spellcasting.
   Cunning:   Dodging and Stealth.
 L - the cursed +0 pair of gloves of Apeoromancy (worn) {Range, Elem}
   (You found it on level 3 of the Lair of Beasts)

   It has a curse which improves the following skills: Ranged Combat: Slings,
   Bows, Crossbows and Throwing.
   Elements:  Fire Magic, Ice Magic, Air Magic and Earth Magic.
 S - the +2 hood of the Assassin {Detection Stab+ Stlth++}
   (You acquired it on level 6 of the Lair of Beasts)

   It allows the wearer to sense nearby creatures.
   It allows the wearer to make particularly effective stabbing attacks against
   helpless or unaware enemies with any weapon.
   Stlth:     It makes you much more stealthy.
 U - a +2 cloak of poison resistance (worn)
Jewellery
 j - the ring of Vanity {+Blink Fly rN++ Dex+6}
   (You found it in a Gauntlet)

   [ring of dexterity]

   Dex:       It affects your dexterity (+6).
   rN:        It greatly protects you from negative energy.
   Fly:       It grants you flight.
   +Blink:    It lets you blink.
 v - the amulet "Siomenit" {+Blink rPois rC+ Regen+ Dex-3}
   (You found it in a Gauntlet)

   [amulet of regeneration]

   Dex:       It affects your dexterity (-3).
   rC:        It protects you from cold.
   rPois:     It protects you from poison.
   +Blink:    It lets you blink.
   Regen:     It increases your rate of health regeneration.
 y - the cursed amulet "Manifest Gnosis" (around neck) {Regen+, Evo, Self}
   (You took it off a kobold on level 7 of the Dungeon)

   [amulet of regeneration]

   Regen:     It increases your rate of health regeneration.
   It has a curse which improves the following skills: Evocations: Evocations.
   Introspection: Fighting and Spellcasting.
 B - the cursed ring "Shackled Entitlement" (left hand) {rC+, Elem, Melee}
   (You found it on level 8 of the Dungeon)

   [ring of protection from cold]

   rC:        It protects you from cold.
   It has a curse which improves the following skills: Elements: Fire Magic, Ice
   Magic, Air Magic and Earth Magic.
   Melee Combat: Short Blades, Long Blades, Axes, Maces & Flails, Polearms,
   Staves and Unarmed Combat.
 D - the cursed ring of Ashenzari's Sun (right hand) {rPois, Range, Bglg}
   (You found it on level 10 of the Dungeon)

   [ring of poison resistance]

   rPois:     It protects you from poison.
   It has a curse which improves the following skills: Ranged Combat: Slings,
   Bows, Crossbows and Throwing.
   Beguiling: Conjurations, Hexes and Translocations.
 F - a +4 ring of protection
 M - the amulet "Weacvoph" {Faith rElec Dex+3}
   (You found it on level 3 of the Lair of Beasts)

   [amulet of faith]

   It allows you to gain divine favour quickly.
   Dex:       It affects your dexterity (+3).
   rElec:     It insulates you from electricity.
 O - a ring of protection from fire
 V - a ring of wizardry
Wands
 r - a wand of polymorph (18)
 u - a wand of iceblast (9)
 A - a wand of digging (4)
 K - a wand of paralysis (7)
 Q - a wand of flame (3)
 R - a wand of acid (5)
Scrolls
 b - a scroll of immolation
 d - 5 scrolls of amnesia
 f - 2 scrolls of torment
 k - 5 scrolls of poison
 m - 4 scrolls of silence
 C - a scroll of summoning
 J - 2 scrolls of magic mapping
 P - 2 scrolls of brand weapon
Potions
 c - 9 potions of curing {@q1}
 g - 3 potions of might
 h - 2 potions of resistance
 i - 4 potions of mutation
 l - 3 potions of cancellation
 n - 3 potions of invisibility
 o - 6 potions of heal wounds {@q2}
 p - 4 potions of lignification
 t - a potion of magic
 z - a potion of berserk rage
 H - a potion of brilliance
 I - a potion of haste {@q3}
 T - 2 potions of flight
Miscellaneous
 G - a tin of tremorstones (1/2)


   Skills:
 + Level 13.5(19.0) Fighting
 * Level 16.1(19.4) Bows
 - Level 7.2(10.7) Dodging
 + Level 7.8(11.3) Stealth
 + Level 7.2(9.6) Evocations


You had 14 spell levels left.
You didn't know any spells.
Your spell library contained the following spells:

 Spells                   Type           Power      Damage    Failure   Level
 Magic Dart               Conj           0%         1d3       32%         1
 Beastly Appendage        Tmut           0%         N/A       36%         1
 Static Discharge         Conj/Air       1%         N/A       43%         2
 Call Imp                 Summ           0%         N/A       50%         2
 Wereblood                Tmut           0%         N/A       50%         2
 Stone Arrow              Conj/Erth      2%         3d7       67%         3
 Conjure Flame            Conj/Fire      1%         6-21      69%         3
 Dazzling Flash           Conj/Hex       0%         N/A       71%         3
 Ignite Poison            Fire/Tmut/Pois 0%         N/A       71%         3
 Mephitic Cloud           Conj/Pois/Air  0%         N/A       71%         3
 Spider Form              Tmut/Pois      0%         N/A       75%         3
 Iskenderun's Mystic Bla  Conj/Tloc      0%         2d3       97%         4
 Sticky Flame             Conj/Fire      1%         2d3       97%         4
 Fulminant Prism          Conj/Hex       0%         3d6       98%         4
 Agony                    Necr           0%         N/A       100%        5
 Lee's Rapid Deconstruct  Erth           0%         3d5*      100%        5
 Lightning Bolt           Conj/Air       0%         1d11      100%        5
 Silence                  Hex/Air        0%         N/A       100%        5
 Lehudib's Crystal Spear  Conj/Erth      0%         10d2      100%        8
 Maxwell's Capacitive Co  Air            0%         ∞         100%        8
 Animate Armour           Summ/Erth      Unusable   N/A       N/A         4

Dungeon Overview and Level Annotations

Branches:
Dungeon (12/15)            Temple (0/1) D:5            Lair (6/6) D:10
 Shoals (0/4) Lair:2        Snake (0/4) Lair:4        Slime (0/5) Lair:5
    Orc (0/2) D:11         Bailey (visited)         Gauntlet (visited)

Altars:
Ashenzari
Dithmenos
Fedhas
Kikubaaqudgha
Makhleb
Nemelex Xobeh
Okawaru
Qazlal
Ru
Trog
Uskayaw
Xom
The Shining One
Jiyva

Shops:
D:4 *   D:5 [*[   D:8 *   D:12 [

Annotations:
D:4 Eustachio, Pikel
D:5 2 transporters, siradein's ghost, novice DsBe
D:11 Urug
D:12 Sonja
Lair:1 exclusion: 2 killer bees


Innate Abilities, Weirdness & Mutations

You can breathe blasts of fire.
Your fiery red scales are hard. (AC +8)
You cannot fit into any form of body armour.
Your flesh is heat resistant. (rF+)
You are cold-blooded and may be slowed by cold attacks.


Message History

The arrow burns the tyrant leech.
You kill the tyrant leech!
As you read the scroll of teleportation {@r4}, it crumbles to dust.
You feel strangely unstable.
Found a +0 plate armour.
Unknown command.
Your surroundings suddenly seem different.
Splash!
You fall into the shallow water.
Moving in this stuff is going to be slow.
A bullfrog, a cane toad, a blink frog and a tyrant leech come into view.
Found a scroll of identify and a +0 leather armour.
The blink frog croaks.
The bullfrog gives a loud, deep croak!
The cane toad croaks.
You hear a loud, deep croak!
The blink frog blinks!
The bullfrog closely misses you.
You hear a loud, deep croak!
As you read the scroll of teleportation {@r4}, it crumbles to dust.
You feel strangely unstable.
The bullfrog hits you but does no damage.
The blink frog blinks!
The bullfrog closely misses you. The cane toad stings you!
* * * LOW HITPOINT WARNING * * *
A bullfrog comes into view.
The tyrant leech attacks as you move away!
The tyrant leech bites you.
* * * LOW HITPOINT WARNING * * *
The tyrant leech draws strength from your injuries!
The bullfrog attacks as you move away! The bullfrog barely misses you.
A blink frog comes into view.
Found a scroll of amnesia and a wand of flame (3).
The bullfrog hits you but does no damage.
The cane toad closely misses you. The tyrant leech bites you!
* * * LOW HITPOINT WARNING * * *
The cane toad completely misses you.
The blink frog moves out of view.
The tyrant leech attacks as you move away!
The tyrant leech bites you!!
* * * LOW HITPOINT WARNING * * *
The tyrant leech draws strength from your injuries!
The cane toad attacks as you move away! The cane toad stings you!
You die...

≈ ≈ *≈ , * ≈ ≈
≈##≈≈≈....# , ,** ≈≈
≈ ≈ #.≈P≈...[# , ,*,*
≈≈≈ ≈≈ {#≈≈≈≈≈...## *
,, ≈ ≈≈ ≈
##≈≈≈≈≈F..≈# ** ≈
,*#.≈≈≈≈≈...≈# * ≈ ≈
,*#.≈≈≈≈≈≈.≈≈# , ,* ≈
≈,≈≈*#≈≈≈≈≈F≈.≈.# *,
,* ≈≈ ≈≈≈≈≈
#≈≈≈≈@FF...#?., , *
≈, ≈ ≈#≈≈≈≈#wP≈...#,
* ≈≈≈≈
?≈≈≈≈≈##≈≈≈.≈... ,
####≈≈
∆∆/≈≈≈#####≈≈≈....,,
* ##≈≈≈#
∆{≈≈≈≈≈##≈≈≈≈.....,,,
#≈≈≈≈#≈ ≈≈≈ ≈≈* ≈
≈≈....., ≈≈≈≈≈##≈{≈
≈*≈≈ ≈≈P##.. ≈≈≈≈≈##.
{ ≈ {≈ ≈≈≈.#**.,, **
≈≈≈≈P##≈≈≈≈
≈≈≈≈≈≈.≈#*, , *


You could see a tyrant leech, a cane toad, a blink frog and 2 bullfrogs.

Vanquished Creatures
  A minotaur (Gauntlet)
  Harold (Lair:2)
  Erolcha (D:9)
  9 hydras
  Erica (Lair:2)
  3 two-headed ogres
  A sun demon (Gauntlet)
  A goliath frog (Lair:6)
  A necromancer (Gauntlet)
  2 cyclopes
  4 elephants (Lair:6)
  4 black mambas
  Joseph (D:9)
  2 centaur zombies (D:10)
  A torpor snail (Lair:3)
  A gargoyle (D:12)
  17 cane toads
  A kobold demonologist (D:9)
  A hellion (Gauntlet)
  2 rime drakes
  7 komodo dragons
  2 trolls
  A tyrant leech (Lair:6)
  3 hornets (Gauntlet)
  A polar bear (Lair:3)
  4 dream sheep (Lair:5)
  24 blink frogs
  3 wyverns
  2 wraiths
  39 yaks
  A vampire (D:10)
  4 basilisks
  2 steam dragons
  2 acid dragons
  A naga (Lair:4)
  2 hell hounds (Gauntlet)
  7 water moccasins
  Duvessa (D:5)
  A sky beast (D:7)
  10 orc warriors
  2 ice beasts (D:6)
  2 black bears
  16 centaurs
  An ogre (D:6)
  8 wolves
  2 lemures (D:4)
  A phantom (D:4)
  2 kobold brigands
  2 gnoll sergeants
  11 bullfrogs
  10 necrophages
  3 scorpions
  Dowan (D:5)
  11 wights
  11 killer bees (D:9)
  2 electric eels (D:10)
  A howler monkey (D:8)
  3 jellies
  5 hounds
  7 orc priests
  3 iguanas
  Natasha (D:1)
  10 orc wizards
  2 mummies (D:10)
  13 gnolls
  9 adders
  3 white imps
  5 worms
  2 dart slugs (D:3)
  45 orcs
  10 bats
  5 endoplasms
  3 giant cockroaches
  4 goblins
  3 hobgoblins
  6 jackals
  15 kobolds
  5 quokkas
  4 ball pythons
  A frilled lizard (D:2)
  2 rats
424 creatures vanquished.

Vanquished Creatures (collateral kills)
  A hobgoblin (D:2)
1 creature vanquished.

Vanquished Creatures (others)
  A demonic plant (Gauntlet)
  18 fungi
  68 plants
  A withered plant (Gauntlet)
88 creatures vanquished.

Grand Total: 513 creatures vanquished

Notes
Turn   | Place    | Note
-------+----------+-------------------------------------------
     0 | D:1      | freelancePsychic the Draconian Hunter began the quest for
                  | the Orb.
     0 | D:1      | Reached XP level 1. HP: 17/17 MP: 1/1
    45 | D:1      | Reached skill level 1 in Stealth
   237 | D:1      | Reached XP level 2. HP: 6/25 MP: 2/2
  1090 | D:2      | Reached skill level 4 in Bows
  1438 | D:2      | Reached XP level 3. HP: 29/30 MP: 3/3
  1493 | D:2      | Noticed Natasha
  1501 | D:1      | Killed Natasha
  1552 | D:2      | Reached XP level 4. HP: 38/38 MP: 4/4
  2087 | D:2      | Found a faded altar of an unknown god.
  2090 | D:2      | Prayed at the altar of an unknown god.
  2090 | D:2      | Became a worshipper of Ashenzari the Shackled
  2094 | D:2      | Reached * piety under Ashenzari
  2382 | D:3      | Identified a scroll of acquirement
  2405 | D:3      | Acquired the +5 shortbow of Mailal {flame, rN+ Will+ Str+4}
  2904 | D:4      | Found a sparkling altar of Nemelex Xobeh.
  2916 | D:4      | Reached XP level 5. HP: 45/45 MP: 5/5
  3008 | D:4      | Noticed Eustachio
  3077 | D:4      | Found Cuddidue's General Store.
  3081 | D:4      | Found Banoupnu's Specific Store.
  3085 | D:4      | Bought a potion of invisibility for 80 gold pieces
  3089 | D:4      | Bought a potion of heal wounds for 50 gold pieces
  3101 | D:4      | Noticed a phantom
  3106 | D:4      | Killed a phantom
  3107 | D:4      | Reached skill level 5 in Bows
  3238 | D:4      | Noticed a lemure
  3238 | D:4      | Noticed a lemure
  3238 | D:4      | Noticed Pikel
  3267 | D:4      | Killed a lemure
  3490 | D:4      | Killed a lemure
  3562 | D:4      | Noticed a lemure
  3563 | D:4      | Noticed a lemure
  3622 | D:4      | Reached XP level 6. HP: 24/55 MP: 6/6
  3959 | D:5      | Entered Level 5 of the Dungeon
  3970 | D:5      | Noticed Duvessa
  3977 | D:5      | Noticed Dowan
  4030 | D:5      | Found a transporter.
  4031 | D:5      | Found a transporter.
  4031 | D:5      | Noticed siradein's ghost (novice DsBe)
  4033 | D:5      | Identified the +5 great mace of Oxur {freeze, rC+ Stlth+}
  4223 | D:5      | Killed Dowan
  4226 | D:5      | Killed Duvessa
  4227 | D:5      | Reached skill level 6 in Bows
  4227 | D:5      | Your scales start taking on a fiery red colour.
  4227 | D:5      | Reached XP level 7. HP: 43/61 MP: 7/7
  4227 | D:5      | Gained mutation: Your flesh is heat resistant. (rF+) [Red
                  | Draconian growth]
  4322 | D:5      | Found Noideihu's Armour Boutique.
  4322 | D:5      | Found Kuozaec's Assorted Antiques.
  4322 | D:5      | Found Wihi's Armour Boutique.
  4331 | D:5      | Noticed a two-headed ogre
  4347 | D:5      | Killed a two-headed ogre
  4348 | D:5      | Reached skill level 5 in Fighting
  4348 | D:5      | Reached skill level 7 in Bows
  4348 | D:5      | Reached XP level 8. HP: 71/71 MP: 8/8
  4362 | D:5      | Found a staircase to the Ecumenical Temple.
  4484 | D:5      | Reached skill level 5 in Stealth
  4546 | D:5      | Reached skill level 8 in Bows
  4795 | D:5      | Found a shadowy altar of Dithmenos.
  5332 | D:6      | Reached XP level 9. HP: 79/79 MP: 9/9
  5555 | D:6      | Reached skill level 9 in Bows
  6251 | D:7      | Found a flagged portal.
  6316 | Bailey   | Entered a bailey
  6795 | Bailey   | Reached skill level 10 in Bows
  6802 | Bailey   | Identified the +5 executioner's axe of Kethut {flame, rPois
                  | rN+}
  6826 | Bailey   | Reached XP level 10. HP: 81/91 MP: 10/10
  7530 | D:7      | Found a shimmering altar of Xom.
  7731 | D:7      | Found an iron altar of Okawaru.
  7733 | D:7      | Found a bloodstained altar of Trog.
  7776 | D:7      | Found a stormy altar of Qazlal.
  8218 | D:8      | Found a blossoming altar of Fedhas.
  8294 | D:8      | Reached skill level 11 in Bows
  8571 | D:8      | Reached skill level 5 in Dodging
  8588 | D:8      | Reached ** piety under Ashenzari
  8636 | D:8      | Found a burning altar of Makhleb.
  8942 | D:8      | Found Yxae's Fire Supplies.
  9074 | D:9      | Noticed Erolcha
  9082 | D:9      | Killed Erolcha
  9228 | D:9      | Reached XP level 11. HP: 73/102 MP: 11/11
  9293 | D:9      | Found a sacrificial altar of Ru.
  9295 | D:9      | Identified the +1 hand axe of Resourcefulness {holy, Dex+4}
  9413 | D:9      | Reached *** piety under Ashenzari
  9419 | D:9      | Noticed Joseph
  9427 | D:9      | Reached skill level 12 in Bows
  9430 | D:9      | Killed Joseph
  9431 | D:9      | Reached skill level 10 in Fighting
  9729 | D:10     | Entered Level 10 of the Dungeon
  9933 | D:10     | Found an ancient bone altar of Kikubaaqudgha.
  9933 | D:10     | Found a glowing golden altar of the Shining One.
  9933 | D:10     | Found a hide-covered altar of Uskayaw.
 10319 | D:5      | Bought a +2 cloak for 247 gold pieces
 10557 | D:10     | Reached **** piety under Ashenzari
 10561 | D:10     | Noticed a two-headed ogre
 10566 | D:10     | Killed a two-headed ogre
 10839 | D:10     | Found a staircase to the Lair.
 11085 | D:11     | Found a staircase to the Orcish Mines.
 11126 | D:11     | Noticed Urug
 11274 | D:11     | Reached ***** piety under Ashenzari
 11320 | D:11     | Reached skill level 13 in Bows
 11682 | D:12     | Noticed a two-headed ogre
 11694 | D:12     | Killed a two-headed ogre
 11796 | D:12     | Found Daliur's Armour Shop.
 11857 | D:12     | Reached XP level 12. HP: 125/125 MP: 13/13
 11962 | D:12     | Noticed Sonja
 12026 | Lair:1   | Entered Level 1 of the Lair of Beasts
 12058 | Lair:1   | Identified the +2 falchion "Teugguw" {vorpal, rN++ Str-5
                  | Int+4 Stlth+}
 12119 | Lair:1   | Reached skill level 1 in Evocations
 12146 | Lair:1   | Noticed a seven-headed hydra
 12153 | Lair:1   | Killed a seven-headed hydra
 12748 | Lair:2   | Found a staircase to the Shoals.
 12750 | Lair:2   | Noticed Harold
 12759 | Lair:2   | Killed Harold
 12896 | Lair:2   | Noticed Erica
 12903 | Lair:2   | Killed Erica
 12936 | Lair:2   | Reached skill level 14 in Bows
 13226 | Lair:3   | Identified the +3 leather armour of Himut {Str+7}
 13354 | Lair:3   | Noticed a six-headed hydra
 13354 | Lair:3   | Noticed a six-headed hydra
 13370 | Lair:3   | Killed a six-headed hydra
 13378 | Lair:3   | Killed a six-headed hydra
 13506 | Lair:3   | Found a runed translucent door.
 13510 | Lair:3   | Identified the amulet "Weacvoph" {Faith rElec Dex+3}
 13654 | Lair:3   | Noticed a four-headed hydra
 13663 | Lair:3   | Killed a four-headed hydra
 13853 | Lair:3   | Noticed a seven-headed hydra
 13863 | Lair:3   | Killed a seven-headed hydra
 13960 | Lair:4   | Reached ****** piety under Ashenzari
 14038 | Lair:4   | Reached skill level 5 in Evocations
 14046 | Lair:4   | Reached XP level 13. HP: 138/138 MP: 14/14
 14065 | Lair:4   | Found a staircase to the Snake Pit.
 14193 | Lair:4   | Reached skill level 15 in Bows
 14949 | Lair:5   | Found a viscous altar of Jiyva.
 14950 | Lair:5   | Found a staircase to the Slime Pits.
 15178 | Lair:6   | Entered Level 6 of the Lair of Beasts
 15178 | Lair:6   | Found a gate leading to a gauntlet.
 15183 | Gauntlet | Entered a Gauntlet
 15183 | Gauntlet | Found a transporter.
 15183 | Gauntlet | Found a transporter.
 15189 | Gauntlet | Found a transporter.
 15201 | Gauntlet | Found a transporter.
 15218 | Gauntlet | Found a transporter.
 15218 | Gauntlet | Found a transporter.
 15220 | Gauntlet | Found a transporter.
 15220 | Gauntlet | Found a transporter.
 15222 | Gauntlet | Found a transporter.
 15231 | Gauntlet | Found a transporter.
 15244 | Gauntlet | Noticed a balrug
 15247 | Gauntlet | Found a transporter.
 15248 | Gauntlet | Identified the +2 helmet of Narrow Wonder {rF- Will+ Str+5
                  | Dex+4}
 15255 | Gauntlet | Identified the amulet "Siomenit" {+Blink rPois rC+ Regen+
                  | Dex-3}
 15256 | Gauntlet | Identified the ring of Vanity {+Blink Fly rN++ Dex+6}
 15257 | Gauntlet | Found a transporter.
 15262 | Gauntlet | Found a transporter.
 15295 | Gauntlet | Found a transporter.
 15610 | Gauntlet | Identified the +4 shortbow of Victory {flame, rElec Str+4
                  | Dex-5 Stlth+}
 15610 | Gauntlet | Noticed a minotaur
 15610 | Gauntlet | Identified the +0 cloak "Kiriedd" {rPois Str-4 SInv Stlth+}
 15631 | Gauntlet | Killed a minotaur
 15636 | Gauntlet | Acquired 522 gold pieces
 15813 | Lair:6   | Reached skill level 16 in Bows
 15871 | Lair:6   | Acquired the +2 hood of the Assassin {Detection Stab+
                  | Stlth++}
 15871 | Lair:6   | Found the +2 hood of the Assassin {Detection Stab+ Stlth++}
 15927 | Lair:6   | Reached XP level 14. HP: 144/144 MP: 15/15
 15968 | Lair:6   | Slain by a cane toad

Illustrated notes

Levels and vault maps discovered:
D:1:      minmay_arrival_nine_rooms, layout_basic
D:2:      layout_basic, shapermc_ecumenical_altar_mp_vishouse,
          small_statue_intersection, minmay_misc_feat_enclosed,
          minmay_crystal_water, grunt_ministairs_2, minmay_fountain_box,
          uniq_natasha
D:3:      layout_rooms, minivault_26, minmay_misc_feat_more_columns
D:4:      layout_cave_pods, overflow_temple_1_default, serial_park_tiny_2,
          nicolae_specific_store, uniq_pikel, uniq_eustachio
D:5:      layout_loops_ring, lemuel_coloured_pillars_altar,
          minmay_temple_entry_mini_moons, gammafunk_ghost_smash,
          amethyst_killhole, kennysheep_cluttered_room,
          nicolae_wooded_promenade, uniq_duvessa
D:6:      layout_layer_cave, serial_bayou_crossing
D:7:      layout_cave_pools, grunt_temple_overflow_bloody_war,
          nicolae_qazlal_eye_of_the_storm, nicolae_overflow_crystal_walls,
          enter_bailey_6, moated_statue
D:8:      layout_loops_ring, fedhas_bush_and_centaur_altar,
          makhleb_blood_cavern_becter, nicolae_shop_fire_sale
          [nicolae_sub_dead_trees]
D:9:      layout_roguey, nicolae_ru_awakened_eye, chequers_serial_rivers_room_a,
          amcnicky_mini_rare_corridor_liquid, uniq_joseph, uniq_erolcha
D:10:     layout_stronghold, gammafunk_temple_overflow_forgotten,
          lair_entry_dummy, serial_undead, serial_undead_c, serial_undead_a,
          serial_undead_e, serial_undead_c, nicolae_water_bricks
D:11:     layout_roguey, orc_0_dummy, uniq_urug
D:12:     dreamdust_isle_of_ice, layout_basic, gammafunk_ghost_hydra_chop,
          serial_shops, shop, uniq_sonja
Lair:1:   layout_hall_layers, special_room [special_room_bee],
          lemuel_old_faithful
Lair:2:   layout_loops_ring, shoals_dummy_entry, roderic_carrion_pond,
          uniq_erica, uniq_harold
Lair:3:   layout_gridlike, chequers_serial_rivers_small_b, roderic_batcave,
          pf_torpor_hydra, infiniplex_staircase_pool_2
Lair:4:   hellmonk_destroyed_diamonds, layout_misc_corridors,
          guppyfry_snake_entry_garden
Lair:5:   layout_regular_city, slime_altar_1
Lair:6:   minmay_lair_end_frog_pond, layout_hall_layers, gauntlet_entry_generic,
          serial_bayou_shore_b, lemuel_fruit_fields, lemuel_fruit_tree

Skill      XL: |  1  2  3  4  5  6  7  8  9 10 11 12 13 |
---------------+----------------------------------------+-----
Stealth        | 1 2 3 4 5 6 7 |  7.8
Bows           | 4 5 6 7 8 10 11 13 14 16 | 16.1
Fighting       | 3 4 5 6 8 9 11 12 13 | 13.5
Dodging        | 3 5 7 |  7.2
Evocations     | 5 7 |  7.2

Action                   |  1- 3 |  4- 6 |  7- 9 | 10-12 | 13-15 || total
-------------------------+-------+-------+-------+-------+-------++-------
 Fire: Shortbow          |    75 |   130 |   206 |   689 |   392 ||  1492
Invok: Curse Item        |       |     2 |       |     7 |       ||     9
       Shatter the Chain |       |     1 |       |       |     1 ||     2
 Abil: Breathe Fire      |       |       |     8 |    15 |     6 ||    29
Evoke: Tin of tremorston |       |       |       |       |     2 ||     2
       Wand              |       |       |       |       |     2 ||     2
  Use: Scroll            |     2 |     3 |       |     5 |     8 ||    18
       Potion            |     2 |       |       |       |     3 ||     5
Armor: Skin              |    12 |     5 |     7 |    41 |    49 ||   114
Dodge: Dodged            |    39 |    12 |    26 |   128 |   164 ||   369

Table legend: (Time is in decaauts)
 A = Elapsed time spent in this place.
 B = Non-inter-level travel time spent in this place.
 C = Inter-level travel time spent in this place.
 D = Time resting spent in this place.
 E = Time spent auto-exploring this place.
 F = Levels seen in this place.
 G = Mean time per level.
                   A        B        C        D        E       F      G
               +--------+--------+--------+--------+--------+-----+--------+
         Total |  15873 |  14956 |    917 |    202 |  11859 |  20 |  793.7 |
       Dungeon |  10891 |  10101 |    790 |    106 |   8393 |  12 |  907.6 |
          Lair |   3313 |   3187 |    126 |     26 |   2417 |   6 |  552.2 |
        Bailey |   1213 |   1213 |      0 |     51 |    834 |   1 | 1213.0 |
      Gauntlet |    454 |    454 |      0 |     19 |    215 |   1 |  454.0 |
               +--------+--------+--------+--------+--------+-----+--------+

Top non-repeatable levels by time:
     D:2: 1338 daAuts
  Bailey: 1213 daAuts
     D:5: 1200 daAuts
     D:6: 1189 daAuts
     D:4: 1087 daAuts
    D:10: 1083 daAuts
     D:1: 1055 daAuts
     D:8: 883 daAuts
     D:7: 832 daAuts
     D:9: 742 daAuts
  Lair:3: 729 daAuts
    D:11: 666 daAuts
  Lair:1: 610 daAuts
  Lair:5: 584 daAuts
  Lair:4: 579 daAuts
